 Dungeon Crawl Stone Soup version 0.27-a0-1513-g2aaa0cc67b (webtiles) character file.

Game seed: 4564927226166352088

100 snetch the Magician (level 5, -6/35 HPs)
             Began as a Djinni Fire Elementalist on July 9, 2021.
             Was a Follower of Okawaru.
             Mangled by Pikel (13 damage)
             ... on level 4 of the Dungeon.
             The game lasted 00:06:22 (2913 turns).

snetch the Magician (Djinni Fire Elementalist)      Turns: 2913, Time: 00:06:23

Health: -6/35      AC:  3    Str:  7    XL:     5   Next: 3%
Gold:   84         EV: 14    Int: 17    God:    Okawaru [*.....] SH:  0 Dex: 14

rFire    + + .     SeeInvis .   b - +0 hand axe
rCold    x . .     Faith    .   (no shield)
rNeg     . . .     Spirit   .   e - +0 leather armour
rPois    ∞         Reflect  .   (no helmet)
rElec    .         Harm     .   (no cloak)
rCorr    .         Rampage  .   (no gloves)
Will     +....                  (boots unavailable)
Stlth    +++.......             (no amulet)
HPRegen  0.11/turn              l - ring of willpower
MPRegen  0.00/turn              (no ring)

@: heroic, wereblooded, flying
A: sickness immunity, fire resistance 2, cold vulnerability 1, float, innate
caster, hp casting, extra vitality 1
a: Renounce Religion, Heroism


You were on level 4 of the Dungeon.
You worshipped Okawaru.
Okawaru was aware of your devotion.
You visited 1 branch of the dungeon, and saw 4 of its levels.

You collected 84 gold pieces.

Inventory:

Hand Weapons
 b - a +0 hand axe (weapon)
 p - a +0 hunting sling of freezing
Missiles
 d - 35 stones
 j - 2 boomerangs
 k - 18 arrows
Armour
 e - a +0 leather armour (worn)
Jewellery
 l - a ring of willpower (left hand)
Scrolls
 a - a scroll of amnesia {unknown}
 h - a scroll of summoning {unknown}
 i - 2 scrolls of magic mapping {unknown}
 m - 2 scrolls of identify {unknown}
 o - a scroll of teleportation {unknown}
Potions
 c - a potion of curing {unknown}
 f - a potion of might {unknown}
 g - a potion of heal wounds {unknown}
 n - a potion of flight {unknown}
 q - a potion of berserk rage {unknown}


   Skills:
 + Level 0.2(5.2) Fighting
 + Level 1.1(6.1) Armour
 + Level 2.4(7.4) Dodging
 + Level 1.7(6.7) Stealth
 + Level 3.8 Spellcasting


You couldn't memorise any spells.
You knew the following spells:

 Your Spells              Type           Power      Damage    Failure   Level
a - Foxfire               Conj/Fire      64%        2x1d7     4%          1
b - Conjure Flame         Conj/Fire      16%        6-21      14%         3
c - Inner Flame           Hex/Fire       16%        N/A       14%         3
d - Sticky Flame          Conj/Fire      16%        2d4       43%         4
e - Fireball              Conj/Fire      8%         3d6       78%         5
f - Freeze                Ice            64%        1d8       4%          1
g - Wereblood             Tmut           16%        N/A       7%          2
Your spell library was empty.

Dungeon Overview and Level Annotations

Branches:
Dungeon (4/15)
 Temple: D:4-7

Altars:
Okawaru

Annotations:
D:4 Pikel


Innate Abilities, Weirdness & Mutations

You are immune to sickness and miasma.
You are immune to poison.
Your flesh is very heat resistant. (rF++)
You are vulnerable to cold. (rC-)
You float through the air rather than walking.
You learn spells naturally, not from books.
Your magical power is your life essence.
You have superior vitality. (+4 HP)


Message History

The foxfire hits the lemure but does no damage.
The lemure is lightly wounded.
Unknown command.
You gain the combat prowess of a mighty hero.
The foxfire hits the orc but does no damage.
The foxfire hits the lemure.
The lemure is moderately wounded.
You hit the lemure but do no damage.
The lemure is moderately wounded.
You closely miss the orc. The orc hits you with a +0 dagger.
The lemure misses you.
Unknown command.
Casting: Foxfire (safe; 4% risk of failure)
Confirm with . or Enter, or press ? or * to list all spells.
Your blood is infused with primal strength.
The orc hits you with a +0 dagger.
You hit Pikel.
Pikel is lightly wounded.
You hit the orc but do no damage. The orc hits you but does no damage.
Unknown command.
You hit Pikel.
Pikel is moderately wounded.
You hit the lemure. You hit the orc but do no damage. Pikel closely misses you.
The lemure barely misses you. The orc hits you but does no damage.
Unknown command.
You conjure some foxfire!
Pikel hits you with a +2 whip of freezing!
Pikel freezes you.
* * * LOW HITPOINT WARNING * * *
The lemure hits you but does no damage. The orc barely misses you.
Unknown command.
You hit Pikel but do no damage.
Pikel is moderately wounded.
You hit the lemure but do no damage. You closely miss the orc.
The foxfire hits the lemure.
The lemure is lightly wounded.
The foxfire hits the lemure but does no damage.
The lemure is lightly wounded.
Pikel hits you with a +2 whip of freezing!
You die...

... ...
#+####
..##....#
.......#
......####
......>..
#.(..#
#@55.#
#Ko..#
#55..#
#s.....
#........
#...>....
#....##..
#....# ##


You could see Pikel, 4 lemures, a scorpion and an orc.

Vanquished Creatures
  3 adders
  A worm (D:2)
  2 dart slugs
  11 ball pythons
  6 bats
  3 endoplasms (D:1)
  A giant cockroach (D:2)
  8 goblins
  8 hobgoblins
  A jackal (D:2)
  3 kobolds
  5 quokkas
  2 frilled lizards
  6 rats
60 creatures vanquished.

Vanquished Creatures (others)
  217 foxfires
217 creatures vanquished.

Grand Total: 277 creatures vanquished

Notes
Turn   | Place    | Note
-------+----------+-------------------------------------------
     0 | D:1      | snetch the Djinni Fire Elementalist began the quest for the
                  | Orb.
     0 | D:1      | Reached XP level 1. HP: 15/15 MP: 0/0
   291 | D:1      | Found a faded altar of an unknown god.
   301 | D:1      | Reached XP level 2. HP: 14/21 MP: 0/0
   303 | D:1      | Became a worshipper of Warmaster Okawaru
   303 | D:1      | Reached * piety under Okawaru
   638 | D:1      | Reached skill level 3 in Spellcasting
   913 | D:1      | Reached XP level 3. HP: 19/25 MP: 0/0
   913 | D:1      | Learned a level 1 spell: Freeze
  1263 | D:1      | You are sucked into a shaft and drop 1 floor!
  1273 | D:2      | Reached XP level 4. HP: 14/31 MP: 0/0
  2818 | D:3      | Reached skill level 1 in Armour
  2818 | D:3      | Reached XP level 5. HP: 30/35 MP: 0/0
  2818 | D:3      | Learned a level 2 spell: Wereblood
  2903 | D:4      | Noticed a lemure
  2903 | D:4      | Noticed a lemure
  2903 | D:4      | Noticed Pikel
  2904 | D:4      | Noticed a lemure
  2905 | D:4      | Noticed a lemure
  2913 | D:4      | Mangled by Pikel

Illustrated notes

Levels and vault maps discovered:
D:1:      onia_arrival_mini_spirals, layout_basic,
          shapermc_ecumenical_altar_venn
D:2:      layout_basic, kennysheep_generic_room_16
D:3:      layout_basic, nrook_uturn
D:4:      cheibrodos_helix_gallery, layout_gridville, minivault_24,
          uniq_blork_the_orc, uniq_pikel

Skill      XL: |  1  2  3  4 |
---------------+-------------+-----
Spellcasting   | 3 |  3.8
Armour         | 1 |  1.1
Fighting       | |  0.2
Dodging        | |  2.4
Stealth        | |  1.7

Action                   |  1- 3 |  4- 6 || total
-------------------------+-------+-------++-------
Melee: Hand axe          |     1 |     4 ||     5
 Cast: Foxfire           |    56 |    77 ||   133
       Freeze            |     2 |       ||     2
       Wereblood         |       |     1 ||     1
Invok: Heroism           |       |     1 ||     1
Armor: Leather armour    |     4 |     6 ||    10
       Robe              |     3 |       ||     3
Dodge: Dodged            |    17 |    10 ||    27

Table legend: (Time is in decaauts)
 A = Elapsed time spent in this place.
 B = Non-inter-level travel time spent in this place.
 C = Inter-level travel time spent in this place.
 D = Time resting spent in this place.
 E = Time spent auto-exploring this place.
 F = Levels seen in this place.
 G = Mean time per level.
                   A        B        C        D        E       F      G
               +--------+--------+--------+--------+--------+-----+--------+
         Total |   2919 |   2872 |     47 |    388 |   2041 |   4 |  729.8 |
       Dungeon |   2919 |   2872 |     47 |    388 |   2041 |   4 |  729.8 |
               +--------+--------+--------+--------+--------+-----+--------+

Top non-repeatable levels by time:
     D:1: 1654 daAuts
     D:2: 1122 daAuts
     D:3: 130 daAuts
     D:4: 12 daAuts
